 Dungeon Crawl Stone Soup version 0.18-a0-1196-g09327cf (webtiles) character file.

44 4thArraOfDagon the Chiller (level 3, -1/19 HPs)
             Began as a Gargoyle Ice Elementalist on Jan 29, 2016.
             Slain by a goblin (3 damage)
             ... led by Robin
             ... on level 3 of the Dungeon.
             The game lasted 00:03:18 (547 turns).

4thArraOfDagon the Chiller (GrIE)                    Turns: 547, Time: 00:03:18

Health: -1/19      AC:  5    Str: 11    XL:     3   Next: 60%
Magic:  1/6        EV: 12    Int: 20    God:
Gold:   61         SH:  0    Dex: 11    Spells: 1 memorised, 5 levels left

rFire  + . .     SeeInvis .     m - +2 dagger (venom)
rCold  + + .     Gourm    .     a - +0 robe
rNeg   + . .     Faith    .     (no shield)
rPois  ∞         Spirit   .     (no helmet)
rElec  +         Dismiss  .     (no cloak)
rCorr  +         Reflect  .     (no gloves)
SustAt .         Harm     .     (no boots)
MR     .....                    (no amulet)
Stlth  ++........               (no ring)
                                k - ring of protection from cold

@: brilliant, resistant, very slightly contaminated, not resistant to hostile
enchantments, unstealthy
A: negative energy resistance 1, electricity resistance, unbreathing,
petrification resistance, rot immunity, AC +3
a: no special abilities


You were on level 3 of the Dungeon.
You were not hungry.

You visited 1 branch of the dungeon, and saw 4 of its levels.

You collected 61 gold pieces.

Inventory:

Hand Weapons
 e - a +0 club
 i - a +0 mace
 m - a +2 dagger of venom (weapon)
Armour
 a - a +0 robe (worn)
 h - a +0 pair of gloves
 l - a +2 buckler
Jewellery
 k - a ring of protection from cold (left hand)
Scrolls
 d - a scroll of teleportation {unknown}
 j - a scroll of identify {unknown}
 n - a scroll of remove curse {unknown}
 q - a scroll of enchant weapon {unknown}
 r - 2 scrolls of recharging {unknown}
Books
 b - a book of Frost

   Spells                             Type                      Level
   a - Freeze                         Ice                          1
   b - Throw Frost                    Conjuration/Ice              2
   c - Ozocubu's Armour               Charms/Ice                   3
   d - Throw Icicle                   Conjuration/Ice              4
   e - Summon Ice Beast               Ice/Summoning                4
   f - Condensation Shield            Ice                          4
Comestibles
 c - 3 bread rations
 f - 2 fruits
 o - a royal jelly


   Skills:
 * Level 2.5 Maces & Flails
 - Level 2.1 Dodging
 - Level 2.1 Stealth
 - Level 2.0 Spellcasting
   Level 1.1 Conjurations
 - Level 3.0 Ice Magic


You had 5 spell levels left.
You knew the following spells:

 Your Spells              Type           Power        Failure   Level  Hunger
a - Freeze                Ice            ####         1%          1    #......


Dungeon Overview and Level Annotations

Branches:
Dungeon (4/15)
 Temple: D:4-7

Altars:

Annotations:
D:3 Ijyb


Innate Abilities, Weirdness & Mutations

You are resistant to torment.
Your stone body is resilient (AC +3).
You are immune to poison.
You resist negative energy.
You are resistant to electric shocks.
You can survive without breathing.
You are immune to petrification.
You are immune to rotting.


Message History

Casting: Freeze
Confirm with . or Enter, or press ? or * to list all spells.
Aiming: Freeze
Press: ? - help, Shift-Dir - straight line, f/p - goblin
Aim: a goblin (heavily wounded)
You miscast Freeze.
You are very lightly contaminated with residual magic.
Nothing appears to happen.
The goblin hits you.
* * * LOW HITPOINT WARNING * * *
The goblin barely misses you.
Unknown command.
Drink which item? (? for menu, Esc to quit)
It was a potion of brilliance.
You feel clever all of a sudden. The goblin hits you but does no damage.
The goblin barely misses you.
Drink which item? (? for menu, Esc to quit)
It was a potion of resistance.
You feel protected. The goblin hits you.
You die...

###########
#.........#
#.#######.# # #.#
#.# ... #.# #.#
....o#####.#######.#
...ooog@go.......#.#
...gg#####.#####.#.#
... #.# #.# . ..#
#.# ### #.# #.# #.#
#.##### #....<#


You could see Ijyb, an orc wizard, 4 orcs, a hobgoblin and 2 goblins.

Vanquished Creatures
  Robin (D:3)
  2 adders (D:2)
  2 giant cockroaches
  2 goblins (D:1)
  3 hobgoblins
  2 kobolds
  2 bats
  A giant newt (D:2)
  2 rats (D:1)
17 creatures vanquished.

Notes
Turn   | Place    | Note
--------------------------------------------------------------
     0 | D:1      | 4thArraOfDagon the Gargoyle Ice Elementalist began the quest for the Orb.
     0 | D:1      | Reached XP level 1. HP: 10/10 MP: 3/3
   183 | D:1      | Reached skill level 1 in Maces & Flails
   183 | D:1      | Reached XP level 2. HP: 7/15 MP: 5/5
   443 | D:2      | Reached XP level 3. HP: 15/19 MP: 2/6
   531 | D:4      | Noticed Robin
   533 | D:3      | Noticed Ijyb
   536 | D:3      | Killed Robin
   547 | D:3      | Slain by a goblin

Vault maps used:
D:1:      lightli_arrival_quake
D:2:      first_bread
D:3:      overflow_temple_1_default, old_standard_altar, trog_eyes_of_draining,
          uniq_iyjb
D:4:      interstate_on_off, minmay_strange_pillars, okawaru_trees_2, uniq_robin

Action                   || total
-------------------------++-------
Melee: Club              ||    21
       Unarmed           ||     9
       Dagger            ||    16
 Cast: Freeze            ||    18
  Use: Potion            ||     3
 Stab: Sleeping          ||     2
